AoeStats
← Blanc

MegaRandom

509954923Analyzed
4v4 RM · 3d ago on Sep 28, 2026· 48m 32s· 8 players
Game mode
Random Map
Map size
Large (8 player)
Population
200
Speed
Normal
Resources
Standard
Victory
Conquest
Starting age
Dark Age
Ending age
Imperial Age
RankedLock teamsTeams togetherTeam positionsShared explorationLock speedFull tech treeHidden civsTurbo modeCheats
Victory
Defeat
🇹🇼 Inca · Taiwan
1296
+15
🇧🇬 Huns · Bulgaria
1288
+16
🇧🇬 Varangians · Bulgaria
1272
+16
🇿🇦 Ethiopians · South Africa
1208
+19
🇦🇷 Berbers · Argentina
1302
-18
🇧🇷 Teutons · Brazil
1298
-17
🇦🇷 Portuguese · Argentina
1270
-16
🇦🇷 Mongols · Argentina
1248
-15
santy
9:03 Loom
12:25 Feudal Age
16:30 Castle Age
15:00 Double-Bit Axe
21:55 Bloodlines
24:45 Circumnavigation
37:32 Imperial Age
39:05 Conscription
38:19 Light Cavalry
38:48 Cavalier
39:41 Scale Barding Armor
39:47 Forging
41:04 Bow Saw
41:42 Light Cavalry
46:29 Fletching
-LN-cheperico
2:40 Loom
10:46 Feudal Age
13:14 Town Watch
15:39 Castle Age
13:36 Double-Bit Axe
14:50 Horse Collar
18:17 Wheelbarrow
18:28 Forging
18:28 Scale Barding Armor
19:32 Bloodlines
21:13 Iron Casting
20:31 Light Cavalry
25:03 Chain Barding Armor
25:12 Husbandry
27:56 Heavy Plow
28:16 Bow Saw
34:52 Hand Cart
34:56 Fletching
38:29 Padded Archer Armor
38:24 Bodkin Arrow
39:13 Thumb Ring
43:20 Leather Archer Armor
49:36 Imperial Age
deslin_
2:56 Loom
11:57 Feudal Age
16:01 Castle Age
14:46 Double-Bit Axe
14:44 Horse Collar
16:48 Wheelbarrow
21:22 Town Watch
23:23 Scale Barding Armor
25:09 Bloodlines
25:24 Chain Barding Armor
31:14 Imperial Age
29:31 Caravan
31:56 Cavalier
35:04 Plate Barding Armor
35:28 Forging
36:48 Fletching
36:59 Padded Archer Armor
37:48 Ballistics
37:55 Elite Skirmisher
38:46 Bodkin Arrow
40:16 Leather Archer Armor
41:33 Chemistry
42:20 Ring Archer Armor
45:02 Coinage
45:57 Iron Casting
47:57 Blast Furnace
GuilleGodoy95
4:53 Loom
13:42 Feudal Age
17:48 Castle Age
16:35 Double-Bit Axe
16:44 Stone Mining
20:00 Town Watch
20:51 Wheelbarrow
37:37 Fletching
ThE MaTiO
13:32 Feudal Age
14:40 Horse Collar
14:49 Double-Bit Axe
17:52 Castle Age
19:56 Heavy Plow
20:09 Bow Saw
22:36 Wheelbarrow
31:29 Imperial Age
30:40 Scale Barding Armor
31:33 Husbandry
31:44 Bloodlines
32:31 Forging
34:04 Hand Cart
33:35 Loom
33:35 Town Watch
36:03 Vendel Legacy
37:49 Cavalier
42:40 Chain Barding Armor
43:39 Iron Casting
44:38 Crop Rotation
45:11 Two-Man Saw
48:16 Blast Furnace
47:56 Plate Barding Armor
Blanc
6:59 Loom
12:45 Feudal Age
13:29 Double-Bit Axe
13:25 Horse Collar
19:01 Castle Age
17:20 Gold Mining
21:47 Bow Saw
21:34 Fletching
21:58 Town Watch
22:45 Thumb Ring
40:43 Wheelbarrow
40:17 Heavy Plow
42:37 Hand Cart
47:08 Caravan
murphykz2322
2:44 Loom
11:22 Feudal Age
12:15 Double-Bit Axe
15:32 Castle Age
16:26 Caravan
22:19 Wheelbarrow
22:52 Town Watch
23:08 Scale Mail Armor
24:04 Forging
23:24 Champi Runner
24:16 Squires
24:08 Horse Collar
27:14 Chain Mail Armor
27:28 Pikeman
27:31 Champi Warrior
29:13 Iron Casting
29:22 Arson
30:17 Pikeman
34:01 Hand Cart
36:22 Imperial Age
34:26 Bow Saw
35:50 Heavy Plow
38:31 Halberdier
40:45 Plate Mail Armor
41:59 Blast Furnace
41:13 Elite Champi Warrior
43:05 Crop Rotation
44:22 Fabric Shields
44:44 Conscription
44:03 Capped Ram
45:04 Siege Ram
47:13 Masonry
47:10 Siege Engineers
Ruviel
7:24 Loom
12:54 Feudal Age
13:15 Horse Collar
13:22 Double-Bit Axe
17:21 Fletching
22:58 Castle Age
23:13 Crossbowman
24:05 Thumb Ring
23:56 Bodkin Arrow
28:45 Ballistics
36:18 Caravan
40:35 Bow Saw
45:44 Wheelbarrow
48:37 Town Watch
Connection lost

Rejoining the realm…

Still unreachable

The connection could not be restored.

Session expired

The server has moved on; the page needs a fresh start.